 Dungeon Crawl Stone Soup version 0.25.0-10-g039870ee82 (webtiles) character file.

Game seed: 1486396063926748793

31 Lepercus the Skirmisher (level 3, -1/29 HPs)
             Began as a Human Abyssal Knight on June 23, 2020.
             Was a Follower of Lugonu.
             Killed from afar by an orc wizard (10 damage)
             ... with a magic dart
             ... on level 3 of the Dungeon.
             The game lasted 00:18:04 (827 turns).

Lepercus the Skirmisher (Human Abyssal Knight)       Turns: 827, Time: 00:18:05

Health: -1/29      AC:  6    Str: 13    XL:     3   Next: 40%
Magic:  4/4        EV: 10    Int: 12    God:    Lugonu [*.....]
Gold:   81         SH:  0    Dex: 12    Spells: 2/2 levels left

rFire    . . .     SeeInvis .   a - +1 falchion
rCold    . . .     Gourm    .   (no shield)
rNeg     . . .     Faith    .   n - +0 ring mail
rPois    .         Spirit   .   (no helmet)
rElec    .         Reflect  .   (no cloak)
rCorr    .         Harm     .   (no gloves)
MR       .....                  s - +0 pair of boots
Stlth    ..........             (no amulet)
HPRegen  0.09/turn              o - ring of attention (curse)
MPRegen  0.09/turn              (no ring)

@: no status effects
A: no striking features
a: Depart the Abyss, Renounce Religion


You were on level 3 of the Dungeon.
You worshipped Lugonu.
Lugonu was aware of your devotion.
You were not hungry.

You visited 1 branch of the dungeon, and saw 3 of its levels.
You visited the Abyss 1 time.

You collected 81 gold pieces.

Inventory:

Hand Weapons
 a - a +1 falchion (weapon)
Armour
 b - a +0 leather armour
 f - a scarf of harm
 h - a +0 robe
 n - a +0 ring mail (worn)
 s - a +0 pair of boots (worn)
Jewellery
 l - an uncursed ring of ice
 o - a cursed ring of attention (left hand)
Scrolls
 i - a scroll of fear {unknown}
 j - a scroll of noise {unknown}
 p - 2 scrolls of teleportation {unknown}
 r - a scroll of magic mapping {unknown}
 v - a scroll of enchant armour {unknown}
Potions
 d - 3 potions of mutation {unknown}
 e - a potion of brilliance {unknown}
 k - a potion of flight {unknown}
 q - a potion of resistance {unknown}
 t - 2 potions of stabbing {unknown}
 u - a potion of degeneration {unknown}
Comestibles
 c - 3 rations
 g - 3 chunks of flesh


   Skills:
 + Level 3.6 Fighting
 + Level 2.2 Long Blades
 + Level 2.4 Armour
 + Level 1.0 Dodging
 + Level 2.2 Invocations


You had 2 spell levels left.
You didn't know any spells.
Your spell library was empty.

Dungeon Overview and Level Annotations

Branches:
Dungeon (3/15)

Altars:


Message History

The orc is severely wounded.
The bat closely misses you. x2; The orc barely misses you.
You hit the orc.
You kill the orc!
Lugonu accepts your kill. The bat hits you but does no damage.
The bat barely misses you.
You hit the bat.
You kill the bat!
Lugonu accepts your kill.
The orc wizard casts a spell.
The orc wizard blinks!
The orc wizard gestures wildly while chanting.
The orc wizard blinks!
The orc wizard mumbles some strange words.
The orc wizard seems to speed up.
You hit the orc wizard.
The orc wizard is almost dead.
The orc wizard casts a spell at you. The magic dart hits you!
You die...

. #...........#
....####.....!.....#
........÷.........##
.....###..#......##
####.# #....#.##.#
#.###.#..#... ..
#######..##.#..#.### ..
#....##[..........####.
#....##........@o......
#....##.)..............
#....##................
#......)...............
#......................
#######÷#...............
#.......................
#......#................
#......#..............


You could see an orc wizard (fast).

Vanquished Creatures
  An adder (D:2)
  A worm (D:2)
  An orc (D:3)
  A goblin (D:3)
  2 hobgoblins
  2 kobolds (D:2)
  A quokka (D:3)
  A ball python (D:2)
  6 bats
  A frilled lizard (D:2)
  A jackal zombie (D:3)
  A rat (D:1)
19 creatures vanquished.

Notes
Turn   | Place    | Note
-------+----------+-------------------------------------------
     0 | Abyss:1  | Lepercus the Human Abyssal Knight began the quest for the
                  | Orb.
     0 | Abyss:1  | Reached XP level 1. HP: 18/18 MP: 2/2
    44 | Abyss:1  | Noticed a wretched star
    53 | Abyss:1  | Noticed a large abomination
   118 | Abyss:2  | Noticed a large abomination
   126 | D:1      | Escaped the Abyss
   364 | D:2      | Reached XP level 2. HP: 19/24 MP: 3/3
   509 | D:2      | Reached XP level 3. HP: 20/29 MP: 4/4
   827 | D:3      | Killed from afar by an orc wizard

Illustrated notes

Levels and vault maps discovered:
D:1:      co_arrival_random_square_maze, layout_basic, serial_glass,
          glass_columns_b, glass_columns_c, due_unseen_surprise, feat_on_display
D:2:      layout_basic, serial_park_tiny_1
D:3:      layout_rooms

Action                   || total
-------------------------++-------
Melee: Falchion          ||    78
  Use: Potion            ||     1
 Stab: Sleeping          ||     2
Armor: Leather armour    ||     9
       Ring mail         ||    35
Dodge: Dodged            ||    61
       Rpst.: Falchion   ||    19
